 Dungeon Crawl Stone Soup version 0.29-a0-334-gb41bcbb86e (webtiles) character file.

Game seed: 11116387313641504727

3252 stormannn the Cleaver (level 9, -19/79 HPs)
             Began as a Ghoul Fighter on Apr 14, 2022.
             Was a Follower of Yredelemnul.
             Killed by an exploding two-headed ogre zombie (40 damage)
             ... ignited by their inner flame
             ... on level 8 of the Dungeon.
             The game lasted 00:11:49 (6476 turns).

stormannn the Cleaver (Ghoul Fighter)               Turns: 6476, Time: 00:11:50

Health: -19/79     AC:  7    Str: 20    XL:     9   Next: 99%
Magic:  8/8        EV: 11    Int:  3    God:    Yredelemnul [*.....]
Gold:   347        SH:  6    Dex: 17    Spells: 8/8 levels left

rFire   . . .      SeeInvis .   m - +12 hand axe of Integrity {spect, +Blink Str-4 Dex+9}
rCold   + . .      Faith    .   c - +0 buckler
rNeg    + + +      Spirit   .   i - +0 steam dragon scales
rPois   ∞          Reflect  .   j - +0 helmet
rElec   .          Harm     .   (no cloak)
rCorr   .          Rampage  .   (no gloves)
Will    .....                   (no boots)
Stlth   ++........              (no amulet)
HPRegen 0.23/turn               (no ring)
MPRegen 0.11/turn               (no ring)

@: no status effects
A: claws 1, cold resistance 1, negative energy resistance 3, inhibited
regeneration, torment resistance 2, devour on kill
a: Renounce Religion, Evoke Blink, Recall Undead Harvest


You were on level 8 of the Dungeon.
You worshipped Yredelemnul.
Yredelemnul was noncommittal.
You visited 2 branches of the dungeon, and saw 9 of its levels.
You also visited: Sewer.

You collected 347 gold pieces.

Inventory:

Hand Weapons
 m - the +12 hand axe of Integrity (weapon) {spect, +Blink Str-4 Dex+9}
   (You found it on level 2 of the Dungeon)

   When its wielder attacks, the weapon's spirit leaps out and strikes again.
   The spirit shares a part of any damage it takes with its wielder.
   Str:       It affects your strength (-4).
   Dex:       It affects your dexterity (+9).
   +Blink:    It lets you blink.
Missiles
 x - a throwing net (quivered)
Armour
 c - a +0 buckler (worn)
 i - +0 steam dragon scales (worn)
 j - a +0 helmet (worn)
Jewellery
 n - an amulet of faith
 p - an amulet of guardian spirit
Wands
 s - a wand of polymorph (8)
 t - a wand of digging (6)
Scrolls
 o - 2 scrolls of vulnerability
Potions
 d - 3 potions of might
 e - 3 potions of curing
 f - a potion of invisibility
 g - 3 potions of lignification {unknown}
 h - 3 potions of flight
 k - 3 potions of resistance {unknown}
 l - 2 potions of degeneration {unknown}
 q - 2 potions of ambrosia {unknown}
 r - 3 potions of mutation {unknown}
 u - 2 potions of haste {unknown}
 v - a potion of attraction {unknown}
 w - a potion of magic {unknown}
 z - 2 potions of brilliance {unknown}


   Skills:
 + Level 7.4 Fighting
 * Level 8.2 Axes
 + Level 6.2 Armour
 + Level 6.2 Shields


You had 8 spell levels left.
You didn't know any spells.
Your spell library contained the following spells:

 Spells                   Type           Power      Damage    Failure   Level
 Animate Skeleton         Necr           0%         N/A       61%         1
 Magic Dart               Conj           0%         1d3       61%         1
 Pain                     Necr           0%         1d4       61%         1
 Call Imp                 Summ           0%         N/A       75%         2
 Mephitic Cloud           Conj/Pois/Air  0%         N/A       93%         3
 Teleport Other           Tloc           0%         N/A       93%         3
 Vampiric Draining        Necr           0%         2d6       93%         3
 Disjunction              Tloc           0%         N/A       100%        8


Dungeon Overview and Level Annotations

Branches:
Dungeon (8/15)             Temple (1/1) D:6           Sewer (visited)
   Lair: D:8-11

Altars:
Ashenzari
Cheibriados
Dithmenos
Elyvilon
Fedhas
Gozag
Hepliaklqana
Makhleb
Okawaru
Ru
Sif Muna
Trog
Uskayaw
Vehumet
Wu Jian
Xom
Yredelemnul
Zin
The Shining One

Shops:
D:5 *

Annotations:
D:7 exclusion: centaur


Innate Abilities, Weirdness & Mutations

You are immune to poison.
You have sharp fingernails.
Your flesh is cold resistant. (rC+)
You are immune to negative energy. (rN+++)
You do not regenerate when monsters are visible.
You are immune to unholy pain and torment.
You thrive by killing the living.


Message History

r - Retreat! s - Stop attacking. g - Guard the area. f - Follow me.
Anything else - Cancel.
Gang up on whom?
Press: ? - help, Dir - move target, f - steam dragon
Aim: a steam dragon
Okay, then.
You feel better.
You feel better.
You feel better.
Found a leather armour.
You feel a bit more experienced.
You see here a +0 leather armour.
You see here a +0 leather armour.
You swap places.
Things that are here:
+0 steam dragon scales; a steam dragon corpse i - +0 steam dragon scales You start removing your armour.
You continue taking off your +0 scale mail. x4
You finish taking off your +0 scale mail.
You start putting on your armour.
You continue putting on your +0 steam dragon scales. x5
You finish putting on your +0 steam dragon scales.
You drop a +0 scale mail.
As you read the scroll labelled YZYIREFOTS, it crumbles to dust.
The creatures around you are filled with an inner flame!
It was a scroll of immolation.
As you read the scroll labelled RABBIQESHRE, it crumbles to dust.
You speak a Word of immense power!
Your two-headed ogre zombie convulses!
You are blasted by holy energy!
* * * LOW HITPOINT WARNING * * *
Yredelemnul forgives your inadvertent holy act, just this once.
It was a scroll of holy word.
Your two-headed ogre zombie explodes!
The fiery explosion engulfs you!!!
Ouch! That really hurt!
You die...
Yredelemnul claims you as an undead slave.

##.......# #..#
##.#####.# #.##
#.# #.# #.# #.#
#.# #.# #.# #.#
#.## #.#####.#
#..# #...#...#
##.#
###.#.§#####.#
#...@§§.##.#
###.###.###.#..#
#.......###.#.##
#...##.##...#.#
#.......##.###.#
# .#.#.##.#<..#
......#.##..#
.#.#...[##...#
......##.###..#


There were no monsters in sight!

Vanquished Creatures
  A two-headed ogre (D:8)
  Pikel (D:5)
  Eustachio (D:5)
  A steam dragon (D:8)
  A two-headed ogre zombie (D:8)
  2 water moccasins
  2 sky beasts
  A centaur (D:7)
  3 ogres
  2 lemures (D:5)
  A phantom (D:4)
  A kobold brigand (Sewer)
  3 bullfrogs
  2 necrophages (D:6)
  A scorpion (D:6)
  5 wights (D:7)
  2 howler monkeys
  An orc priest (D:7)
  A gnoll shaman (D:6)
  2 hounds
  Jessica (D:3)
  2 orc wizards
  An iguana (D:5)
  7 gnolls
  7 adders
  5 river rats
  A shadow imp (D:7)
  2 white imps
  5 worms
  3 dart slugs
  18 orcs
  10 endoplasms
  2 giant cockroaches
  11 goblins
  13 hobgoblins
  5 jackals
  2 quokkas (D:1)
  4 ball pythons
  11 bats
  3 frilled lizards
  7 kobolds
  14 rats
168 creatures vanquished.

Vanquished Creatures (collateral kills)
  A steam dragon (D:8)
1 creature vanquished.

Vanquished Creatures (others)
  A sky beast zombie (D:8)
  2 orc zombies (D:7)
  3 plants (D:2)
6 creatures vanquished.

Grand Total: 175 creatures vanquished

Notes
Turn   | Place    | Note
-------+----------+-------------------------------------------
     0 | D:1      | stormannn the Ghoul Fighter began the quest for the Orb.
     0 | D:1      | Reached XP level 1. HP: 19/19 MP: 0/0
    55 | D:1      | Reached skill level 2 in Axes
    66 | D:1      | Reached XP level 2. HP: 26/26 MP: 1/1
   407 | D:1      | Reached XP level 3. HP: 27/31 MP: 2/2
  1156 | D:2      | Reached XP level 4. HP: 36/40 MP: 3/3
  1459 | D:2      | Identified the +12 hand axe of Integrity {spect, +Blink
                  | Str-4 Dex+9}
  1470 | D:2      | Found a faded altar of an unknown god.
  1621 | D:2      | Reached skill level 3 in Axes
  1950 | D:3      | Noticed an ogre
  1953 | D:3      | Killed an ogre
  1954 | D:3      | Reached XP level 5. HP: 46/46 MP: 4/4
  2168 | D:3      | Reached XP level 6. HP: 52/52 MP: 5/5
  2453 | D:3      | Noticed Jessica
  2457 | D:3      | Killed Jessica
  2728 | D:4      | Reached skill level 4 in Axes
  3065 | D:4      | Got the Guide on the Traveller
  3398 | D:5      | Entered Level 5 of the Dungeon
  3480 | D:5      | Reached XP level 7. HP: 59/60 MP: 6/6
  3498 | D:5      | Noticed Eustachio
  3507 | D:5      | Killed Eustachio
  3508 | D:5      | Reached skill level 5 in Fighting
  3593 | D:5      | Reached skill level 5 in Axes
  3657 | D:5      | Found Mevab's Assorted Antiques.
  3881 | D:5      | Noticed Pikel
  3897 | D:5      | Killed Pikel
  3898 | D:5      | Reached skill level 6 in Axes
  3898 | D:5      | Reached XP level 8. HP: 70/70 MP: 7/7
  4100 | D:6      | Found a glowing drain.
  4109 | Sewer    | Entered a sewer
  4178 | Sewer    | Reached skill level 5 in Armour
  4178 | Sewer    | Reached skill level 5 in Shields
  4429 | D:6      | Found a staircase to the Ecumenical Temple.
  4471 | Temple   | Entered the Ecumenical Temple
  4737 | Temple   | Became a worshipper of Yredelemnul the Dark
  4859 | D:6      | Reached XP level 9. HP: 75/75 MP: 8/8
  4942 | D:6      | Reached * piety under Yredelemnul
  4990 | D:6      | Reached ** piety under Yredelemnul
  5027 | D:6      | Reached skill level 7 in Axes
  6417 | D:8      | Noticed a two-headed ogre
  6427 | D:8      | Killed a two-headed ogre
  6430 | D:8      | Reached skill level 8 in Axes
  6476 | D:8      | Killed by an exploding two-headed ogre zombie... ignited by
                  | their inner flame

Illustrated notes

Levels and vault maps discovered:
D:1:      evilmike_arrival_crescent, layout_basic,
          amcnicky_mini_rare_corridor_liquid
D:2:      layout_loops_corners, serial_forest, infiniplex_forest_corner_1,
          infiniplex_forest_lined_2, infiniplex_forest_clump_cross,
          infiniplex_forest_clump_cross, infiniplex_forest_lined_room_2,
          chequers_ecumenical_altar_island,
          nicolae_concentric_dashed_squares_mild
D:3:      layout_basic, st_stairs_6, nicolae_elevator_lobby_asterisk,
          uniq_jessica
D:4:      layout_loops_ring, minmay_misc_feat_iff, kennysheep_nondescript
D:5:      layout_loops_ring, serial_shops, shop, uniq_eustachio, uniq_pikel
D:6:      layout_cave_pods, minmay_temple_entry_purple_smoke,
          lightli_sewer_entry_pipes
D:7:      layout_loops_corners, centaur_isle, uniq_crazy_yiuf_cottage
D:8:      layout_basic, serial_co_window_serial, co_window_paths_a,
          co_window_of_opportunity_a, co_window_corner_a, co_window_paths_a,
          co_window_corner_a, co_window_broadway_b, co_window_2corner,
          co_window_of_opportunity_b, co_window_4corner_a, glass_columns_b,
          glass_columns_b, glass_columns_a, lemuel_flamethrower_1
Temple:   mainiacjoe_temple_bowtie_tessellation

Skill      XL: |  1  2  3  4  5  6  7  8  9 |
---------------+----------------------------+-----
Axes           | 2 3 4 6 8 |  8.2
Shields        | 3 4 5 6 |  6.2
Armour         | 3 4 5 6 |  6.2
Fighting       | 4 5 6 7 |  7.4

Action                   |  1- 3 |  4- 6 |  7- 9 || total
-------------------------+-------+-------+-------++-------
Melee: War axe           |    91 |    23 |       ||   114
       Hand axe          |       |    61 |   112 ||   173
  Use: Scroll            |     5 |     6 |     2 ||    13
       Potion            |       |       |     5 ||     5
Armor: Scale mail        |    64 |    28 |    25 ||   117
Dodge: Dodged            |    46 |    41 |    29 ||   116
Block: Buckler           |    17 |    17 |    21 ||    55

Table legend: (Time is in decaauts)
 A = Elapsed time spent in this place.
 B = Non-inter-level travel time spent in this place.
 C = Inter-level travel time spent in this place.
 D = Time resting spent in this place.
 E = Time spent auto-exploring this place.
 F = Levels seen in this place.
 G = Mean time per level.
                   A        B        C        D        E       F      G
               +--------+--------+--------+--------+--------+-----+--------+
         Total |   6597 |   6463 |    134 |    199 |   4968 |  10 |  659.7 |
       Dungeon |   6144 |   6036 |    108 |    199 |   4664 |   8 |  768.0 |
        Temple |    293 |    267 |     26 |      0 |    184 |   1 |  293.0 |
         Sewer |    159 |    159 |      0 |      0 |    119 |   1 |  159.0 |
               +--------+--------+--------+--------+--------+-----+--------+

Top non-repeatable levels by time:
     D:1: 1026 daAuts
     D:6: 961 daAuts
     D:2: 931 daAuts
     D:7: 929 daAuts
     D:3: 825 daAuts
     D:4: 674 daAuts
     D:5: 640 daAuts
  Temple: 293 daAuts
   Sewer: 159 daAuts
     D:8: 156 daAuts
